Map: Eternal Empire LE

Players

Oresama

  • Race: Zerg Zerg
  • League: Master
  • Spawn Location: 7:00

LiquidMaNa (MaNa) - Winner!

  • Race: Protoss Protoss
  • League: Master
  • Spawn Location: 1:00

VOD

Have the link to the VOD?

Description

Time

  • Played on: April 27, 2020, 4:15 p.m.
  • Length: 5:58
Show
View Real Time Build Order
Export as new Build Order

Oresama Zerg 

Build Orders: Hatch First, Roach Nydus 

Get SALT Encoding   

  12  0:00  Drone  
  13  0:12  Overlord  
  13  0:16  Drone  
  14  0:31  Drone x2  
  14  0:34  Drone  
  17  0:52  Hatchery  
  17  0:56  Drone  
  17  0:59  Extractor  
  17  1:00  Drone  
  17  1:16  Spawning Pool  
  16  1:19  Drone  
  16  1:23  Drone  
  18  1:29  Drone  
  19  1:41  Drone  
  20  1:57  Drone  
  21  2:03  Metabolic Boost  
  21  2:04  Roach Warren  
  21  2:05  Queen  
  22  2:10  Zergling x2  
  22  2:11  Zergling x2  
  24  2:19  Overlord  
  24  2:24  Overlord  
  24  2:44  Roach  
  24  2:45  Roach x3  
  24  2:49  Roach  
  34  2:52  Zergling x2  
  34  2:57  Zergling x2  
  35  3:04  Zergling x2  
  36  3:11  Zergling x4  
  38  3:16  Zergling x2, Ravager  
  38  3:17  Zergling x4  
  42  3:21  Overlord  
  42  3:29  Zergling x2  
  43  3:34  Zergling x2  
  43  3:36  Overlord  
  44  3:54  Ravager  
  44  3:57  Zergling x12  
  47  4:02  Zergling x2  
  45  4:13  Zergling x4  
  39  4:21  Drone  
  39  4:22  Queen  
  38  4:26  Lair  
  33  4:39  Extractor, Drone x3  
  33  4:40  Drone  
  33  4:44  Drone  
  36  4:49  Drone  
  36  5:06  Drone  
  36  5:07  Drone x4  
  41  5:15  Queen  
  45  5:32  Hydralisk Den  
  44  5:35  Nydus Network  
Show
View Real Time Build Order
Export as new Build Order

LiquidMaNa Protoss - Winner!

Build Orders: 1 Gate Expand 

Get SALT Encoding   

  12  0:00  Probe  
  13  0:12  Probe  
  14  0:18  Pylon  
  14  0:25  Probe (Chrono Boost)  
  15  0:37  Probe (Chrono Boost)  
  15  0:41  Gateway  
  16  0:45  Probe (Chrono Boost)  
  16  0:48  Assimilator  
  17  0:51  Probe  
  18  1:03  Probe (Chrono Boost)  
  19  1:13  Probe (Chrono Boost)  
  20  1:25  Nexus  
  20  1:35  Cybernetics Core  
  20  1:39  Probe  
  21  1:45  Assimilator  
  21  1:51  Probe  
  22  1:55  Pylon  
  22  2:03  Probe  
  23  2:11  Adept (Chrono Boost)  
  23  2:14  Warp Gate  
  23  2:15  Probe  
  26  2:26  Stargate  
  26  2:27  Probe  
  27  2:33  Stalker (Chrono Boost)  
  29  2:39  Probe x2  
  32  2:51  Probe x2  
  33  3:03  Probe x2  
  37  3:12  Void Ray (Chrono Boost)  
  39  3:15  Gateway  
  40  3:20  Stalker  
  40  3:25  Cybernetics Core  
  41  3:33  Shield Battery  
  41  3:45  Void Ray (Chrono Boost)  
  43  3:54  Gateway  
  43  4:02  Zealot, Shield Battery  
  45  4:04  Pylon  
  45  4:13  Zealot  
  43  4:17  Pylon  
  43  4:18  Pylon  
  44  4:25  Probe (Chrono Boost)  
  44  4:28  Probe (Chrono Boost)  
  44  4:30  Zealot  
  46  4:37  Pylon  
  46  4:38  Sentry  
  46  4:40  Probe (Chrono Boost)  
  46  4:41  Probe (Chrono Boost)  
  46  4:45  Probe (Chrono Boost)  
  48  4:47  Pylon  
  48  4:48  Probe  
  50  4:54  Oracle (Chrono Boost)  
  50  4:55  Probe  
  50  4:57  Sentry  
  56  5:00  Probe  
  56  5:03  Pylon  
  56  5:06  Zealot  
  59  5:07  Probe  
  59  5:12  Probe  
  61  5:19  Probe, Pylon  
  62  5:24  Probe  
  62  5:28  Oracle (Chrono Boost)  
  63  5:31  Probe  
  67  5:36  Probe  
  67  5:37  Nexus  
  67  5:40  Pylon  
  68  5:43  Probe  
Tags
 
Add a new tag
Caveats
  • Supply blocks, unpowered buildings, or Contaminate may cause inaccurate times.
  • Supply counts are checked every 10 seconds.